[Event "Titled Tuesday Blitz November 22 Late 2022"]
[White "Horobetz, Graham"]
[Black "Rizzo, Tobias"]
[WhiteFideId "2047322"]
[BlackFideId "30942691"]
[WhiteElo "2618"]
[BlackElo "2311"]
[Result "0-1"]
[Round "03"]
[TimeControl "180+1"]
[Date "2022.11.23"]
[WhiteClock "0:00:03"]
[BlackClock "0:00:09"]

1. e4 c5 2. Nf3 e6 3. d4 cxd4 4. Nxd4 Nf6 5. Nc3 Nc6 6. Ndb5 Bb4 7. a3 Bxc3+ 8. Nxc3 d5 9. Bd3 O-O 10. O-O d4 11. Ne2 e5 12. Ng3 Be6 13. Bd2 Rc8 14. Nh5 Nd7 15. f4 exf4 16. Nxf4 Nde5 17. Nxe6 fxe6 18. Qh5 Ng6 19. Rxf8+ Qxf8 20. Rf1 Qd6 21. e5 Qxe5 22. Qg4 Nf8 23. Re1 Qd5 24. Bh6 Rc7 25. Rf1 Ne5 26. Qg3 Re7 27. Bg5 Rf7 28. Rxf7 Nxf7 29. Bd2 e5 30. Qg4 Qe6 31. Qe4 Nd6 32. Qe2 e4 33. Bb5 d3 34. Bxd3 exd3 35. Qxd3 Nf5 36. h3 Nh4 37. Bf4 Nhg6 38. Bg3 b6 39. Kh2 a5 40. Qd8 h5 41. h4 Qe4 42. Qg5 Qg4 43. Qd5+ Qe6 44. Qf3 Qf7 45. Qxh5 Qc4 46. Qg5 Qxc2 47. h5 Ne7 48. h6 Qh7 49. Qxg7+ Qxg7 50. hxg7 Kxg7 51. Bc7 Nd5 52. Bd6 Ne6 53. Be5+ Kg6 54. Kg3 Kf5 55. Bd6 Nc5 56. Kf3 Nd3 57. g4+ Kg5 58. Ke4 N3f4 59. Bxf4+ Nxf4 60. Kd4 Kxg4 61. Kc4 Kf5 62. Kb5 Nd5 63. Kc6 Ke5 64. Kb5 Kd6 65. b3 Kc7 66. Kc4 Kc6 67. b4 axb4 68. axb4 b5+ 69. Kd4 Nxb4 0-1


[Site "https://www.chess.com"]

[Event "Titled Tuesday Blitz November 22 Late 2022"]
[White "Hu, Merric"]
[Black "Simonovic, Miroslav"]
[WhiteFideId "30906660"]
[BlackFideId "919152"]
[WhiteElo "1922"]
[BlackElo "2043"]
[Result "0-1"]
[Round "03"]
[TimeControl "180+1"]
[Date "2022.11.23"]
[WhiteClock "0:01:58"]
[BlackClock "0:01:24"]

1. d4 Nf6 2. c4 c5 3. d5 b5 4. cxb5 a6 5. bxa6 Bxa6 6. Nc3 d6 7. Nf3 Nbd7 8. g3 g6 9. Bg2 Bg7 10. O-O O-O 11. Re1 Ra7 12. e4 Qa8 13. Bg5 h6 14. Bd2 Ng4 15. h3 Nge5 16. Nxe5 Nxe5 17. Bf1 Rb8 18. Qc2 Nf3+ 19. Kg2 Nxe1+ 20. Bxe1 Bxf1+ 21. Kxf1 Qb7 22. b3 Qa6+ 23. Kg2 Qa3 24. Nb1 Qb2 0-1


[Site "https://www.chess.com"]

[Event "Titled Tuesday Blitz November 22 Late 2022"]
[White "Ibadov, Dashgyn"]
[Black "Shapiro, Daniel"]
[WhiteFideId "24107514"]
[BlackFideId "2001780"]
[WhiteElo "2208"]
[BlackElo "2311"]
[Result "1-0"]
[Round "03"]
[TimeControl "180+1"]
[Date "2022.11.23"]
[WhiteClock "0:00:11"]
[BlackClock "0:00:13"]

1. e4 e5 2. Nf3 Nc6 3. Nc3 Nf6 4. d4 exd4 5. Nxd4 d6 6. Be2 Bd7 7. O-O Be7 8. Re1 O-O 9. b3 Re8 10. Bb2 Bf8 11. Bf1 g6 12. Nd5 Bg7 13. Nxc6 bxc6 14. Nxf6+ Bxf6 15. Bxf6 Qxf6 16. g3 Re7 17. Bg2 h5 18. h4 Rae8 19. Qd2 Bg4 20. Qa5 Rxe4 21. Bxe4 Rxe4 22. Rxe4 Qxa1+ 23. Qe1 Qf6 24. Qe3 Bf3 25. Re8+ Kg7 26. c3 Qf5 27. Qd4+ f6 28. Qe3 Qb1+ 29. Qe1 Qxe1+ 30. Rxe1 Kf7 31. Re3 Bd5 32. f3 c5 33. Kf2 Bc6 34. c4 Bd7 35. Ke2 Bf5 36. Kd2 Bb1 37. Kc3 Bf5 38. a3 a5 39. Re1 Bd7 40. b4 axb4+ 41. axb4 cxb4+ 42. Kxb4 Bc6 43. f4 Bd7 44. Kc3 Bc6 45. Kd4 Bd7 46. Ra1 Ke7 47. Ra7 Kd8 48. Ra8+ Ke7 49. Ra7 Kd8 50. Kd5 Bg4 51. Ra8+ Kd7 52. Rh8 Bf3+ 53. Kd4 Bg4 54. Rh7+ Kd8 55. Rg7 Bf5 56. c5 dxc5+ 57. Kxc5 Be4 58. Rf7 f5 59. Rg7 1-0


[Site "https://www.chess.com"]

[Event "Titled Tuesday Blitz November 22 Late 2022"]
[White "Jaracz, Pawel"]
[Black "Chigaev, Maksim"]
[WhiteFideId "1102222"]
[BlackFideId "4108116"]
[WhiteElo "2459"]
[BlackElo "2541"]
[Result "0-1"]
[Round "03"]
[TimeControl "180+1"]
[Date "2022.11.22"]
[WhiteClock "0:00:02"]
[BlackClock "0:01:37"]

1. e4 c5 2. Nf3 e6 3. d4 cxd4 4. Nxd4 Nf6 5. Nc3 Nc6 6. a3 Be7 7. f4 d6 8. Be3 e5 9. Nf5 Bxf5 10. exf5 d5 11. fxe5 Nxe5 12. Bb5+ Nc6 13. Qf3 O-O 14. O-O-O Qa5 15. Bd2 d4 16. Bxc6 bxc6 17. Ne4 Qb5 18. Nxf6+ Bxf6 19. Qd3 Qd5 20. Kb1 Rab8 21. g4 c5 22. c4 Qb7 23. b4 cxb4 24. axb4 Be7 25. b5 a6 26. Bf4 axb5 0-1


[Site "https://www.chess.com"]

[Event "Titled Tuesday Blitz November 22 Late 2022"]
[White "Jeet, Jain"]
[Black "Castillo Pena, Patricia Evarista"]
[WhiteFideId "5073022"]
[BlackFideId "6412106"]
[WhiteElo "2067"]
[BlackElo "1919"]
[Result "1-0"]
[Round "03"]
[TimeControl "180+1"]
[Date "2022.11.23"]
[WhiteClock "0:00:46"]
[BlackClock "0:00:03"]

1. d4 d5 2. Nf3 Nf6 3. Bf4 c5 4. e3 Nc6 5. Nbd2 Bf5 6. c3 Qb6 7. Qb3 c4 8. Qxb6 axb6 9. a3 b5 10. Rc1 e6 11. Be2 b4 12. cxb4 b5 13. Ne5 Nxe5 14. Bxe5 Be7 15. Bd1 O-O 16. Bc2 Bxc2 17. Rxc2 Rfc8 18. f3 Nd7 19. Bg3 Nb6 20. Nb1 Na4 21. Nc3 Nxc3 22. Rxc3 f6 23. Kf2 Ra6 24. e4 Rac6 25. Re1 Kf7 26. Rce3 Bf8 27. Rc3 Re8 28. h4 Rec8 29. Bf4 Be7 30. Rce3 Bf8 31. g4 c3 32. bxc3 Rxc3 33. R1e2 R8c4 34. Rxc3 Rxc3 35. Ra2 dxe4 36. fxe4 Rd3 37. Be3 Bd6 38. Ke2 Rc3 39. Kd2 Rb3 40. d5 Be5 41. Bc5 exd5 42. exd5 Ke8 43. a4 1-0


[Site "https://www.chess.com"]

[Event "Titled Tuesday Blitz November 22 Late 2022"]
[White "Jegorovas, Aleksandras"]
[Black "Tarnowska, Aleksandra"]
[WhiteFideId "12801950"]
[BlackFideId "1180967"]
[WhiteElo "2247"]
[BlackElo "1776"]
[Result "1-0"]
[Round "03"]
[TimeControl "180+1"]
[Date "2022.11.23"]
[WhiteClock "0:00:14"]
[BlackClock "0:00:03"]

1. Nf3 d5 2. e3 Nf6 3. c4 c6 4. Nc3 Bf5 5. Qb3 Qb6 6. cxd5 Qxb3 7. axb3 cxd5 8. Nb5 Kd8 9. Rxa7 Rxa7 10. Nxa7 e6 11. Nd4 Bg6 12. d3 Bc5 13. Nab5 Nc6 14. Bd2 Kd7 15. Be2 Ne5 16. e4 dxe4 17. dxe4 Nxe4 18. Bf4 Nc6 19. Be3 Bb4+ 20. Kf1 Ra8 21. g3 Nf6 22. Kg2 Be4+ 23. Bf3 Ra2 24. Rd1 Bd5 25. Nc3 Rxb2 26. Nxd5 exd5 27. Nf5 Ke6 28. Nxg7+ Kd7 29. Nf5 Ke6 30. Ng7+ Ke7 31. Nh5 Nxh5 32. Bxh5 Rxb3 33. Rxd5 f6 34. Rb5 Rb2 35. Rxb7+ Kd6 36. Bf3 Ne5 37. Bf4 Ke6 38. Rb6+ Kf5 39. Bd5 Kg6 40. Be4+ Kg7 41. Bxe5 fxe5 42. Rb7+ Kf6 43. Rxh7 Bc3 44. Rh5 Ke6 45. Rf5 Kd6 46. Rf3 Bd4 47. h4 Rb6 48. h5 Ke7 49. Bg6 Kd7 50. Rf7+ Ke8 51. Rf6+ Ke7 52. Rxb6 Bxb6 53. Kf3 Kf6 54. Ke4 Bd4 55. g4 Bb2 56. Kf3 Kg7 57. Be4 Kh6 58. Kg3 Bc1 59. Kh4 Bg5+ 60. Kg3 Bf4+ 61. Kf3 Bg5 62. Ke2 Bf4 63. Kd3 Kg5 64. Kc4 Kh6 65. Bf5 Bg5 66. Kd5 Bf4 67. Ke6 Kg5 68. Kf7 Kh6 69. Kf6 Bd2 70. Kxe5 Be1 71. f4 Bd2 72. Ke4 Bc1 73. Kf3 Bd2 74. Kg3 Be1+ 75. Kf3 Bd2 76. Bg6 Bc1 77. g5+ Kg7 78. Kg4 Bd2 79. Be4 Bc1 80. h6+ Kh8 81. Kh5 Bxf4 82. g6 Be5 83. Kg5 Bd4 84. Kf5 Bc3 85. Ke6 Bb2 86. Kf7 Bd4 87. g7+ Bxg7 88. hxg7# 1-0


[Site "https://www.chess.com"]

[Event "Titled Tuesday Blitz November 22 Late 2022"]
[White "Jimenez Almeida, Luis David"]
[Black "Korchmar, Vasiliy"]
[WhiteFideId "22242244"]
[BlackFideId "24131750"]
[WhiteElo "2469"]
[BlackElo "2728"]
[Result "1-0"]
[Round "03"]
[TimeControl "180+1"]
[Date "2022.11.23"]
[WhiteClock "0:00:08"]
[BlackClock "0:00:02"]

1. e4 c5 2. Nc3 d6 3. Nge2 Nc6 4. d4 cxd4 5. Nxd4 Nf6 6. Bg5 Bd7 7. Qd2 a6 8. O-O-O e6 9. f4 Be7 10. h4 b5 11. Nxc6 Bxc6 12. Bd3 b4 13. Bxf6 Bxf6 14. Ne2 a5 15. g4 Qb6 16. g5 Be7 17. Kb1 a4 18. h5 a3 19. b3 f5 20. exf5 Bxh1 21. Rxh1 exf5 22. Bxf5 O-O 23. Qd3 h6 24. gxh6 gxh6 25. Nd4 Bf6 26. Be6+ Kh8 27. Qg6 Bg7 28. Nf5 Qc7 29. Rg1 Ra7 30. Bc4 d5 31. Bd3 Qc3 32. Kc1 Qa1+ 33. Kd2 Qc3+ 34. Kd1 Raf7 35. Nd6 Qa1+ 36. Ke2 Re7+ 37. Kf3 Qd4 38. Qh7# 1-0


[Site "https://www.chess.com"]

[Event "Titled Tuesday Blitz November 22 Late 2022"]
[White "Kaganskiy, Gleb"]
[Black "Mikhalsky, Vladimir"]
[WhiteFideId "4132025"]
[BlackFideId "14144352"]
[WhiteElo "2165"]
[BlackElo "2271"]
[Result "1-0"]
[Round "03"]
[TimeControl "180+1"]
[Date "2022.11.23"]
[WhiteClock "0:00:34"]
[BlackClock "0:00:26"]

1. e4 c5 2. Nf3 Nc6 3. Bb5 g6 4. Bxc6 dxc6 5. d3 Bg7 6. h3 e5 7. Be3 b6 8. Qd2 Ne7 9. Qc3 f6 10. a3 a5 11. Nbd2 Be6 12. O-O O-O 13. Nc4 a4 14. b4 axb3 15. cxb3 Nc8 16. b4 b5 17. Na5 Rxa5 18. bxa5 c4 19. dxc4 Bxc4 20. Rfd1 Qc7 21. a4 f5 22. axb5 cxb5 23. a6 fxe4 24. Ng5 Qc6 25. a7 Ne7 26. Qa5 Qa8 27. Rd7 Nd5 28. Rxg7+ Kxg7 29. Ne6+ Kf7 30. Nxf8 Kxf8 31. Bc5+ Ke8 32. Qa6 e3 33. Qe6+ Kd8 34. Qg8+ Kc7 35. Qxa8 1-0


[Site "https://www.chess.com"]

[Event "Titled Tuesday Blitz November 22 Late 2022"]
[White "Kaplan, Avi Harrison"]
[Black "Kuzmicz, Krystian"]
[WhiteFideId "30934559"]
[BlackFideId "1119125"]
[WhiteElo "2451"]
[BlackElo "2670"]
[Result "1-0"]
[Round "03"]
[TimeControl "180+1"]
[Date "2022.11.23"]
[WhiteClock "0:00:25"]
[BlackClock "0:00:26"]

1. d4 g6 2. c4 Bg7 3. Nc3 c5 4. d5 d6 5. e4 e6 6. Nge2 Ne7 7. Ng3 h6 8. h4 exd5 9. cxd5 O-O 10. f4 h5 11. Be2 f5 12. O-O fxe4 13. Ncxe4 Nf5 14. Nxf5 Bxf5 15. Ng5 Nd7 16. Bd3 Bd4+ 17. Kh1 Qf6 18. Bxf5 Qxf5 19. Bd2 Qxd5 20. Bc3 Rae8 21. Bxd4 cxd4 22. Qd3 Rf6 23. Rae1 Ref8 24. Re4 Qxa2 25. Qxd4 Nc5 26. Re8 Qa6 27. Qxf6 Qxf1+ 28. Kh2 1-0


[Site "https://www.chess.com"]

[Event "Titled Tuesday Blitz November 22 Late 2022"]
[White "Khandelwal, Ankush"]
[Black "Lobanov, Sergei"]
[WhiteFideId "413470"]
[BlackFideId "24183750"]
[WhiteElo "2271"]
[BlackElo "2510"]
[Result "1/2-1/2"]
[Round "03"]
[TimeControl "180+1"]
[Date "2022.11.22"]
[WhiteClock "0:00:16"]
[BlackClock "0:00:17"]

1. e4 e5 2. Nf3 Nc6 3. d4 exd4 4. Nxd4 Nf6 5. Nxc6 bxc6 6. e5 Qe7 7. Qe2 Nd5 8. g3 g6 9. c4 Ba6 10. b3 Bg7 11. Bb2 O-O 12. Bg2 Rae8 13. O-O Bxe5 14. Qxe5 Qxe5 15. Bxe5 Rxe5 16. cxd5 Bxf1 17. Kxf1 cxd5 18. Na3 c6 19. Nc2 a5 20. Rd1 Rfe8 21. Bf3 Ra8 22. Rd4 Kf8 23. Ne3 Ree8 24. Ke2 Ke7 25. Kd3 Kd6 26. Nxd5 cxd5 27. Bxd5 Kc7 28. Bxa8 Rxa8 29. Kc4 Re8 30. Rf4 f5 31. Kb5 d5 32. Kxa5 Ra8+ 33. Kb5 Rxa2 34. Kc5 Rd2 35. b4 d4 36. Rxd4 Rxf2 37. Rh4 h5 38. b5 Rc2+ 39. Kd5 Re2 40. Kc5 Re5+ 41. Kc4 Kb6 42. Rd4 Rc5+ 43. Kd3 Kxb5 44. Rd6 Rc6 45. Rd8 Re6 46. Rc8 Kb6 47. Kd4 Kb7 48. Rc2 h4 49. Kd5 Re4 50. gxh4 Rxh4 51. Rg2 f4 52. Ke4 Kc7 53. Rxg6 Rxh2 54. Kxf4 1/2-1/2


[Site "https://www.chess.com"]

[Event "Titled Tuesday Blitz November 22 Late 2022"]
[White "Khater, Sherif"]
[Black "Hardaway, Brewington"]
[WhiteFideId "2034280"]
[BlackFideId "30941849"]
[WhiteElo "2486"]
[BlackElo "2789"]
[Result "0-1"]
[Round "03"]
[TimeControl "180+1"]
[Date "2022.11.23"]
[WhiteClock "0:00:45"]
[BlackClock "0:00:40"]

1. b3 Nf6 2. Bb2 e6 3. e3 Be7 4. Nf3 O-O 5. d4 b6 6. Nbd2 Bb7 7. Bd3 c5 8. Qe2 Nc6 9. a3 Rc8 10. O-O d5 11. c4 cxd4 12. Nxd4 dxc4 13. Bxc4 Bc5 14. Nxc6 Bxc6 15. Nf3 Qe7 16. b4 Bd6 17. Ba6 Bb7 18. Nd4 Nd5 19. Rac1 Bb8 20. Bxb7 Qxb7 21. Qg4 Nf6 22. Qh3 Qe4 23. b5 Ng4 24. g3 Ne5 25. Qg2 Qxg2+ 26. Kxg2 Nd3 27. Rb1 Nxb2 28. Rxb2 Be5 29. Rd1 Rc5 30. Rb4 g6 31. Nc6 a5 32. Re4 Bf6 33. a4 Kg7 34. Rd7 h5 35. Rxe6 Rc4 36. Nd4 Bxd4 37. Rxd4 Rxd4 38. exd4 fxe6 0-1


[Site "https://www.chess.com"]

[Event "Titled Tuesday Blitz November 22 Late 2022"]
[White "Kilic, Eray"]
[Black "Terry, Renato"]
[WhiteFideId "44517173"]
[BlackFideId "3803457"]
[WhiteElo "2328"]
[BlackElo "2577"]
[Result "0-1"]
[Round "03"]
[TimeControl "180+1"]
[Date "2022.11.22"]
[WhiteClock "0:00:04"]
[BlackClock "0:00:08"]

1. e4 e6 2. d4 d5 3. Nc3 Nf6 4. Bg5 Bb4 5. e5 h6 6. Bd2 Bxc3 7. bxc3 Ne4 8. Bd3 Nxd2 9. Qxd2 c5 10. Nf3 Qe7 11. Qf4 c4 12. Be2 Qa3 13. Qd2 Nd7 14. O-O Nb6 15. Rfe1 Na4 16. Qf4 Nxc3 17. Qg4 O-O 18. Bf1 Bd7 19. Re3 Qb2 20. Rae1 Qxc2 21. Nh4 Ne4 22. R1e2 Qb1 23. f3 Ng5 24. Re1 Qb2 25. f4 Qxd4 26. h3 Ne4 27. Kh2 f5 28. exf6 Qxf6 29. Rf3 b5 30. Ng6 Rf7 31. Ne5 Re7 32. a4 a6 33. Ra1 b4 34. Re1 Nc5 35. Rg3 b3 36. Ng6 Rf7 37. Ne5 Raf8 38. Nxf7 Rxf7 39. Qe2 Qxf4 40. Qb2 Rf6 41. Re3 Nxa4 42. Qa3 b2 43. Rf3 Qxf3 44. gxf3 b1=Q 45. Qe7 Qb2+ 46. Bg2 Rf7 47. Qd8+ Kh7 48. Qh4 Qf6 49. Qg4 e5 50. Qh5 g6 51. Rxg6 Qxg6 52. Qxe5 Qf6 53. Qe1 Qf4+ 54. Kh1 Nc5 55. Qf2 Nd3 56. Qe2 Rg7 0-1


[Site "https://www.chess.com"]

[Event "Titled Tuesday Blitz November 22 Late 2022"]
[White "Kirillov, Dmitry"]
[Black "Figorito, Nick"]
[WhiteFideId "34180572"]
[BlackFideId "30923689"]
[WhiteElo "2095"]
[BlackElo "2283"]
[Result "1-0"]
[Round "03"]
[TimeControl "180+1"]
[Date "2022.11.23"]
[WhiteClock "0:00:18"]
[BlackClock "0:00:13"]

1. e4 e6 2. d4 d5 3. Nd2 Nf6 4. e5 Nfd7 5. Bd3 c5 6. c3 Nc6 7. Ne2 cxd4 8. cxd4 f6 9. exf6 Nxf6 10. Nf3 Bd6 11. O-O Qc7 12. Bg5 O-O 13. Bh4 Nh5 14. Rc1 Rxf3 15. gxf3 Bxh2+ 16. Kh1 Bd6 17. Qc2 h6 18. Bh7+ Kh8 19. Bg6 Nf4 20. Nxf4 Bxf4 21. Rcd1 Qb6 22. Rg1 Nxd4 23. Qa4 Bd7 24. Qxd4 e5 25. Qxb6 axb6 26. Rxd5 Bc6 27. Rd3 Kg8 28. Be4 Rxa2 29. Rd8+ Kf7 30. Bg6+ Ke6 31. Be4 g5 32. Bg3 Rxb2 33. Bxf4 exf4 34. Re1 Kf7 35. Bxc6 bxc6 36. Rd7+ Kg6 37. Re6+ Kf5 38. Rxc6 Ke5 39. Kg2 h5 40. Rg6 Kf5 41. Rdg7 g4 42. fxg4+ hxg4 43. Rg5+ Ke4 44. Rxg4 Rb4 45. Rf7 Ke5 46. Rg5+ Ke6 47. Rff5 Kd6 48. Rb5 Rxb5 49. Rxb5 Kc6 50. Rf5 b5 51. Rxf4 Kc5 52. Re4 Kd5 53. Re1 Kc4 54. f4 Kd5 55. f5 b4 56. f6 b3 57. f7 b2 58. f8=Q Kd4 59. Rb1 Kc3 60. Qf5 Kb3 61. Qd3+ Ka2 62. Qc2 Ka3 63. Qxb2+ Ka4 64. Qb4# 1-0


[Site "https://www.chess.com"]

[Event "Titled Tuesday Blitz November 22 Late 2022"]
[White "Koellner, Ruben Gideon"]
[Black "Ai, Evan"]
[WhiteFideId "12993093"]
[BlackFideId "2094770"]
[WhiteElo "2303"]
[BlackElo "1963"]
[Result "1-0"]
[Round "03"]
[TimeControl "180+1"]
[Date "2022.11.23"]
[WhiteClock "0:00:10"]
[BlackClock "0:00:06"]

1. d4 Nf6 2. Bg5 Ne4 3. Bf4 d5 4. e3 Bf5 5. Bd3 e6 6. h4 h5 7. Nf3 Bd6 8. Nbd2 f6 9. Bxd6 Qxd6 10. Bxe4 dxe4 11. Ng1 Nd7 12. c4 c5 13. Ne2 Bg4 14. Nxe4 Qc6 15. f3 Bf5 16. Nxc5 Nxc5 17. dxc5 Rd8 18. Nd4 Qxc5 19. Qa4+ Kf7 20. O-O-O a6 21. Nxf5 exf5 22. Qb3 b5 23. Qc3 bxc4 24. Rd4 Rxd4 25. Qxd4 Qxd4 26. exd4 Re8 27. Rd1 Re2 28. Rd2 Re1+ 29. Kc2 Ke6 30. d5+ Kd6 31. Kc3 Rc1+ 32. Kd4 g5 33. hxg5 fxg5 34. Re2 Rd1+ 35. Kxc4 Rxd5 36. b4 a5 37. a3 axb4 38. axb4 g4 39. f4 h4 40. Ra2 Rd1 41. Ra6+ Kc7 42. Rh6 Rc1+ 43. Kd5 Rf1 44. Ke5 h3 45. gxh3 g3 46. Rg6 Rg1 47. Kxf5 g2 48. h4 Kd7 49. h5 Ke7 50. h6 Rh1 51. Rxg2 Rxh6 52. Rb2 Rb6 53. b5 Kf7 54. Ke5 Ke7 55. Kd5 Kf7 56. Kc5 Rb8 57. b6 Kf6 58. b7 Kf5 59. Kd6 Kxf4 60. Kc7 Rxb7+ 1-0


[Site "https://www.chess.com"]

[Event "Titled Tuesday Blitz November 22 Late 2022"]
[White "Kollars, Dmitrij"]
[Black "Daggupati, Balaji"]
[WhiteFideId "12909572"]
[BlackFideId "2090759"]
[WhiteElo "2951"]
[BlackElo "2684"]
[Result "1-0"]
[Round "03"]
[TimeControl "180+1"]
[Date "2022.11.23"]
[WhiteClock "0:02:43"]
[BlackClock "0:02:35"]

1. Nf3 d5 2. d4 Nf6 3. c4 dxc4 4. e3 e6 5. Bxc4 a6 6. O-O Be7 7. Re1 b5 8. Bf1 Bb7 9. a4 b4 10. b3 O-O 11. Bb2 c5 12. Nbd2 cxd4 13. Nxd4 Nc6 14. Rc1 Nxd4 15. Bxd4 Qc8 16. Rxc8 1-0


[Site "https://www.chess.com"]

[Event "Titled Tuesday Blitz November 22 Late 2022"]
[White "Kopylov, Alexander A."]
[Black "Caruana, Fabiano"]
[WhiteFideId "4164857"]
[BlackFideId "2020009"]
[WhiteElo "2436"]
[BlackElo "2847"]
[Result "1/2-1/2"]
[Round "03"]
[TimeControl "180+1"]
[Date "2022.11.22"]
[WhiteClock "0:00:35"]
[BlackClock "0:00:54"]

1. e4 e5 2. Nf3 Nf6 3. Nc3 Nc6 4. h3 Bb4 5. Nd5 Bc5 6. c3 O-O 7. d4 exd4 8. cxd4 Nxd5 9. dxc5 Nf6 10. Bg5 h6 11. Bh4 Qe7 12. Bd3 g5 13. Nxg5 hxg5 14. Bxg5 Qe5 15. f4 Qxb2 16. O-O Nh7 17. Bh6 d6 18. e5 Bd7 19. Bxh7+ Kxh7 20. Qh5 Rh8 21. Qxf7+ Kxh6 22. Qf6+ Kh7 23. Qf7+ Kh6 24. Qf6+ Kh7 25. Qf7+ Kh6 1/2-1/2


[Site "https://www.chess.com"]

[Event "Titled Tuesday Blitz November 22 Late 2022"]
[White "Kovacevic, Radmila"]
[Black "Boruchovsky, Avital"]
[WhiteFideId "933171"]
[BlackFideId "2800055"]
[WhiteElo "2201"]
[BlackElo "2815"]
[Result "0-1"]
[Round "03"]
[TimeControl "180+1"]
[Date "2022.11.23"]
[WhiteClock "0:00:01"]
[BlackClock "0:00:17"]

1. e4 c5 2. Be2 Nc6 3. f4 g6 4. Nf3 Bg7 5. c3 e5 6. d3 d5 7. fxe5 dxe4 8. dxe4 Qxd1+ 9. Bxd1 Nxe5 10. Nxe5 Bxe5 11. Be3 b6 12. Ba4+ Bd7 13. Bxd7+ Kxd7 14. O-O Ke6 15. Nd2 Ne7 16. Nf3 f6 17. Bh6 Bc7 18. Rad1 Rhd8 19. g3 Rxd1 20. Rxd1 Rd8 21. Rxd8 Bxd8 22. Bf4 b5 23. Kf2 Nc6 24. Ke2 a6 25. Be3 Be7 26. Bf4 h5 27. h4 Na5 28. b3 Bd6 29. Ke3 Nc6 30. Ne1 Be5 31. Nd3 Bd6 32. Kf3 Be7 33. Ke3 g5 34. Bc7 c4 35. Ne1 Bc5+ 36. Ke2 Kd7 37. b4 Ba7 38. Ba5 Nxa5 39. bxa5 Bb8 40. Kf3 Be5 41. Kg2 Bxc3 42. Nf3 g4 43. Ng1 Bxa5 44. Ne2 Bd2 45. Kf2 Ke6 46. Nd4+ Ke5 47. Nc2 Kxe4 48. Ke2 Bh6 49. Nb4 a5 50. Nc6 c3 51. Nxa5 c2 0-1


[Site "https://www.chess.com"]

[Event "Titled Tuesday Blitz November 22 Late 2022"]
[White "Kravtsiv, Martyn"]
[Black "Garcia Ramos, Daniel"]
[WhiteFideId "14113147"]
[BlackFideId "32010311"]
[WhiteElo "2833"]
[BlackElo "2635"]
[Result "1-0"]
[Round "03"]
[TimeControl "180+1"]
[Date "2022.11.23"]
[WhiteClock "0:00:18"]
[BlackClock "0:00:01"]

1. e4 c6 2. Nf3 d5 3. d3 Qc7 4. Nc3 dxe4 5. Nxe4 Nf6 6. Qe2 Nxe4 7. Qxe4 Nd7 8. Bf4 Qa5+ 9. Bd2 Qd5 10. Qxd5 cxd5 11. d4 a6 12. O-O-O e6 13. h4 h6 14. Bd3 Be7 15. g4 b5 16. g5 Bb7 17. g6 O-O 18. Rde1 Bf6 19. Rh3 Rae8 20. Ng5 fxg6 21. Nxe6 Rxe6 22. Rxe6 Bxd4 23. Re7 Bc8 24. Rh1 Ne5 25. Be2 Rxf2 26. Re8+ Kh7 27. Rxc8 Rxe2 28. Re1 Rxe1+ 29. Bxe1 Nf3 30. Bg3 g5 31. hxg5 Be3+ 32. Kd1 Bxg5 33. Rc5 Bf6 34. Rxd5 Bxb2 35. Rd6 a5 36. Rd5 b4 37. Rxa5 g5 38. Rb5 Bc3 39. Bd6 g4 40. Bxb4 Bxb4 41. Rxb4 h5 42. Ke2 Ne5 43. Re4 Nc6 44. a4 1-0


[Site "https://www.chess.com"]

[Event "Titled Tuesday Blitz November 22 Late 2022"]
[White "Krzywda, Andrzej"]
[Black "Sargsyan, Anna M."]
[WhiteFideId "1114565"]
[BlackFideId "13308130"]
[WhiteElo "2425"]
[BlackElo "2645"]
[Result "1-0"]
[Round "03"]
[TimeControl "180+1"]
[Date "2022.11.23"]
[WhiteClock "0:00:12"]
[BlackClock "0:00:03"]

1. d4 d5 2. c4 c6 3. Nc3 Nf6 4. e3 e6 5. Nf3 Nbd7 6. Be2 dxc4 7. a4 Bd6 8. Nd2 O-O 9. Nxc4 Bc7 10. b3 e5 11. Ba3 Re8 12. dxe5 Nxe5 13. Qxd8 Rxd8 14. O-O Nxc4 15. Bxc4 Be5 16. Rac1 Bf5 17. f3 Rd2 18. e4 Bg6 19. Bb4 a5 20. Bc5 Nh5 21. Be3 Rb2 22. g3 Rd8 23. Nd1 Ra2 24. f4 Bxe4 25. Nf2 Bd4 26. Rcd1 Rxf2 27. Kxf2 Bxe3+ 28. Kxe3 Re8 29. Kf2 Nf6 30. Rfe1 h5 31. h3 g6 32. Bd3 Kg7 33. Bxe4 Nxe4+ 34. Kf3 f5 35. Rd7+ Kh6 36. Rxb7 Rd8 37. Rxe4 fxe4+ 38. Kxe4 Rd1 39. g4 hxg4 40. hxg4 Rg1 41. Kf3 Rf1+ 42. Kg3 Rg1+ 43. Kh3 Rh1+ 44. Kg2 Rb1 45. Rb6 Rc1 46. Kg3 Kg7 47. Rb7+ Kf6 48. Kf3 Rf1+ 49. Ke4 Re1+ 50. Kd4 Rg1 51. g5+ Kf5 52. Rf7+ Kg4 53. Kc5 Rb1 54. f5 Kxg5 55. fxg6 Kxg6 56. Rf3 Kg5 57. Kxc6 Kg4 58. Rd3 Kf4 59. Kb5 Ke4 60. Rh3 Kd4 61. Kxa5 Rg1 62. b4 Kc4 63. Rh4+ Kb3 64. b5 Rg6 65. b6 Rg8 66. Ka6 Ra8+ 67. Kb7 Rg8 68. a5 1-0


[Site "https://www.chess.com"]

[Event "Titled Tuesday Blitz November 22 Late 2022"]
[White "Lashkin, Jegor"]
[Black "Gritsenko, Nikolai"]
[WhiteFideId "13907808"]
[BlackFideId "14112493"]
[WhiteElo "2895"]
[BlackElo "2663"]
[Result "1-0"]
[Round "03"]
[TimeControl "180+1"]
[Date "2022.11.23"]
[WhiteClock "0:00:26"]
[BlackClock "0:00:14"]

1. e4 c5 2. Nf3 Nf6 3. e5 Nd5 4. Nc3 e6 5. Ne4 Nc6 6. c4 Nc7 7. d4 cxd4 8. Nd6+ Bxd6 9. exd6 Na6 10. Bd3 Qa5+ 11. Bd2 Qc5 12. Bf4 O-O 13. O-O e5 14. Bg3 f5 15. a3 e4 16. b4 Naxb4 17. axb4 Nxb4 18. Bxe4 fxe4 19. Nxd4 b6 20. Nb5 Ba6 21. Nc7 Bxc4 22. Rc1 Rac8 23. Qg4 b5 24. Qxd7 Qc6 25. Qg4 a5 26. Be5 Rxc7 27. dxc7 Qg6 28. c8=Q 1-0


[Site "https://www.chess.com"]

[Event "Titled Tuesday Blitz November 22 Late 2022"]
[White "Lewtak, Damian"]
[Black "Grot, Blazej"]
[WhiteFideId "1141724"]
[BlackFideId "21835845"]
[WhiteElo "2329"]
[BlackElo "1822"]
[Result "1-0"]
[Round "03"]
[TimeControl "180+1"]
[Date "2022.11.23"]
[WhiteClock "0:01:27"]
[BlackClock "0:00:16"]

1. e4 d6 2. Nf3 Nf6 3. c3 e5 4. Bd3 Nbd7 5. O-O c6 6. Bc2 Qc7 7. d4 a5 8. Re1 Be7 9. Nbd2 O-O 10. Nf1 Re8 11. Ng3 Bf8 12. Nf5 g6 13. Nh6+ Kg7 14. h3 Ng8 15. Nxg8 Kxg8 16. Nh2 Bg7 17. Ng4 Qb6 18. Qf3 h5 19. Nh6+ Bxh6 20. Bxh6 exd4 21. e5 dxe5 22. Bb3 Re7 23. Rxe5 Qd8 24. Re4 Rxe4 25. Qxf7+ Kh8 26. Qg7# 1-0


[Site "https://www.chess.com"]

[Event "Titled Tuesday Blitz November 22 Late 2022"]
[White "Liu, Kelsey"]
[Black "Ferreira, Vitor Hugo Vieira"]
[WhiteFideId "30944481"]
[BlackFideId "2119765"]
[WhiteElo "2329"]
[BlackElo "2168"]
[Result "0-1"]
[Round "03"]
[TimeControl "180+1"]
[Date "2022.11.23"]
[WhiteClock "0:00:02"]
[BlackClock "0:01:20"]

1. e4 c6 2. d4 d5 3. e5 Bf5 4. Nc3 e6 5. g4 Bg6 6. Nge2 Nh6 7. Nf4 Qh4 8. Be2 Bb4 9. Bd2 Bxc3 10. Bxc3 Be4 11. Rf1 Qxh2 12. Qd2 Qh4 13. O-O-O Nd7 14. f3 Bg6 15. Rh1 Qe7 16. Nxg6 fxg6 17. Bb4 c5 18. dxc5 Nxc5 19. Bb5+ Kd8 20. Qd4 b6 21. Kb1 Kc7 22. Qc3 Kb7 23. Rd2 Rac8 24. Qa3 a5 25. Bxc5 Qxc5 26. Qd3 Nf7 27. Ba6+ Kb8 28. f4 Rc7 29. Rc1 g5 30. fxg5 Nxe5 31. Qe2 Nc6 32. Bd3 e5 33. Qf2 Qxf2 34. Rxf2 e4 35. Be2 Re8 36. Rh2 Re5 37. Rxh7 Rxg5 38. Rh8+ Ka7 39. Rch1 Ne5 40. Bd1 Rc6 41. Rg1 Rcg6 42. Rh7 Nxg4 43. Bxg4 Rxg4 44. Rxg4 Rxg4 45. Kc1 Ka6 46. Kd2 Rg2+ 47. Kc3 b5 48. Rh5 b4+ 49. Kb3 Rg3+ 50. c3 bxc3 51. bxc3 d4 52. Kc4 dxc3 53. Rh1 g5 54. Kd4 Rg2 55. Kxe4 Rxa2 56. Kf5 Rg2 57. Rc1 c2 0-1


[Site "https://www.chess.com"]